Map: Crête de Lerilak

Players

PixeL - Winner!

  • Race: Zerg Zerg
  • League: Master

Neuro

  • Race: Zerg Zerg
  • League: Grandmaster

VOD

Have the link to the VOD?

Description

Time

  • Played on: Feb. 17, 2016, 11:40 p.m.
  • Length: 6:10
Show
View Real Time Build Order
Export as new Build Order

PixeL Zerg - Winner!

Build Orders: Pool First, Zergling Baneling 

Get SALT Encoding   

  12  0:01  Drone  
  13  0:09  Extractor  
  12  0:26  Spawning Pool  
  11  0:29  Drone  
  11  0:35  Drone  
  13  0:40  Drone  
  14  0:53  Overlord  
  14  1:12  Metabolic Boost  
  14  1:13  Zergling x4  
  14  1:17  Zergling x2  
  17  1:26  Zergling x2  
  17  1:32  Baneling Nest  
  17  1:37  Zergling x2  
  18  1:51  Zergling x2  
  19  1:58  Zergling x2  
  20  2:08  Zergling x2  
  21  2:18  Baneling x2  
  21  2:20  Zergling x2  
  21  2:22  Baneling x2  
  21  2:48  Queen  
  21  3:00  Overlord  
  21  3:01  Roach Warren  
  20  3:07  Baneling x2  
  20  3:12  Overlord  
  17  3:44  Roach x3  
  23  4:01  Hatchery  
  22  4:04  Roach  
  24  4:13  Roach  
  26  4:23  Roach  
  28  4:34  Roach  
  30  4:44  Zergling x4  
  32  4:53  Baneling  
  32  4:54  Baneling x2  
  32  4:57  Zergling x2  
  33  5:02  Zergling x2  
  33  5:04  Baneling  
  32  5:22  Zergling x2  
  32  5:23  Zergling x4  
  34  5:31  Zergling x2  
  34  5:37  Baneling x2  
  34  5:45  Zergling x2  
  34  5:46  Zergling x2  
Show
View Real Time Build Order
Export as new Build Order

Neuro Zerg 

Build Orders: Hatch First 

Get SALT Encoding   

  12  0:01  Drone  
  13  0:12  Overlord  
  13  0:17  Drone  
  14  0:30  Drone x2  
  14  0:34  Drone  
  17  0:54  Hatchery  
  17  0:57  Drone  
  17  0:59  Drone  
  18  1:11  Extractor  
  18  1:14  Spawning Pool  
  18  1:16  Drone  
  17  1:19  Drone  
  18  1:27  Drone  
  19  1:38  Drone  
  20  1:50  Overlord  
  20  2:00  Queen  
  22  2:12  Queen  
  22  2:15  Baneling Nest, Spine Crawler  
  22  2:16  Zergling x6  
  22  2:19  Zergling x2  
  26  2:25  Zergling x2  
  27  2:30  Metabolic Boost  
  27  2:33  Zergling x2  
  15  2:59  Zergling x6  
  16  3:17  Drone x4  
  16  3:19  Baneling  
  20  3:20  Baneling  
  18  3:31  Zergling x2  
  19  3:40  Zergling x2  
  19  3:49  Zergling x6  
  22  4:05  Drone x2  
  24  4:14  Hatchery  
  23  4:18  Baneling x2  
  23  4:26  Drone x2  
  23  4:29  Drone  
  26  4:33  Drone  
  27  4:46  Roach Warren  
  26  4:54  Zergling x4  
  28  5:04  Zergling x4  
  28  5:05  Overlord  
  30  5:08  Baneling  
  26  5:30  Roach x4  
  29  5:37  Roach x2  
  33  5:45  Roach  
Tags
 
Add a new tag
Caveats
  • Supply blocks, unpowered buildings, or Contaminate may cause inaccurate times.
  • Supply counts are checked every 10 seconds.